AoeStats
← sebase76

Arena

510143811Analyzed
1v1 RM · 21h ago on Sep 29, 2026· 35m 48s· 2 players
Game mode
Random Map
Map size
Tiny (2 player)
Population
200
Speed
Normal
Resources
Standard
Victory
Conquest
Starting age
Dark Age
Ending age
Imperial Age
RankedLock teamsTeams togetherTeam positionsShared explorationLock speedFull tech treeHidden civsTurbo modeCheats
Victory
Defeat
🇨🇳 Khmer · China
532
+15
🇪🇨 Goths · Ecuador
502
-15
sebase76
1:25 Loom
11:55 Feudal Age
14:18 Double-Bit Axe
17:39 Horse Collar
23:16 Castle Age
22:26 Stone Mining
24:36 Town Watch
24:41 Pikeman
27:17 Forging
27:52 Wheelbarrow
28:25 Scale Mail Armor
29:30 Bow Saw
34:52 Imperial Age
32:32 Squires
33:29 Heavy Plow
35:16 Anarchy
Kita
12:36 Feudal Age
13:12 Double-Bit Axe
13:13 Horse Collar
13:29 Loom
16:51 Castle Age
15:00 Gold Mining
15:24 Stone Mining
16:48 Wheelbarrow
16:39 Town Watch
17:53 Bow Saw
17:46 Heavy Plow
24:54 Ballistics
25:10 Tusk Swords
25:21 Scale Mail Armor
25:29 Scale Barding Armor
28:22 Hand Cart
29:07 Chain Barding Armor
29:52 Gold Shaft Mining
30:04 Stone Shaft Mining
33:29 Imperial Age
33:21 Town Patrol
33:32 Capped Ram
35:07 Plate Barding Armor
34:42 Double Crossbow
35:29 Conscription
Connection lost

Rejoining the realm…

Still unreachable

The connection could not be restored.

Session expired

The server has moved on; the page needs a fresh start.